 Dungeon Crawl Stone Soup version 0.22-a0-348-gd16d1391c7 (webtiles) character file.

991 Laan the Chopper (level 8, -6/48 HPs)
             Began as a Gargoyle Fighter on Apr 7, 2018.
             Was a Believer of the Shining One.
             Mangled by an ogre
             ... wielding a +0 giant club
              (10 damage)
             ... on level 5 of the Dungeon.
             The game lasted 00:05:41 (3372 turns).

Laan the Chopper (Gargoyle Fighter)                 Turns: 3372, Time: 00:05:42

Health: -6/48      AC: 13    Str: 23    XL:     8   Next: 18%
Magic:  8/8        EV:  7    Int:  8    God:    the Shining One [**....]
Gold:   239        SH:  9    Dex:  9    Spells: 7/7 levels left

rFire    . . .     SeeInvis .   a - +0 war axe
rCold    . . .     Gourm    .   c - +0 shield
rNeg     + + .     Faith    .   b - +0 scale mail
rPois    ∞         Spirit   .   (no helmet)
rElec    +         Reflect  .   j - +0 cloak
rCorr    .         Harm     .   (no gloves)
MR       .....                  (no boots)
Stlth    ..........             (no amulet)
HPRegen  0.16/turn              (no ring)
MPRegen  0.11/turn              (no ring)

@: glowing
A: negative energy resistance 1, electricity resistance, unbreathing,
petrification resistance, rot immunity, AC +5
a: Divine Shield, Renounce Religion


You were on level 5 of the Dungeon.
You worshipped the Shining One.
The Shining One was pleased with you.
You were not hungry.

You visited 1 branch of the dungeon, and saw 5 of its levels.

You collected 239 gold pieces.

Inventory:

Hand Weapons
 a - a +0 war axe (weapon)
Missiles
 p - 3 javelins (quivered)
Armour
 b - a +0 scale mail (worn)
 c - a +0 shield (worn)
 j - a +0 cloak (worn)
Scrolls
 e - 4 scrolls of remove curse {unknown}
 g - 2 scrolls of enchant weapon {unknown}
 i - 7 scrolls of identify {unknown}
 l - a scroll of immolation {unknown}
 m - 2 scrolls of enchant armour {unknown}
 n - 3 scrolls of teleportation {unknown}
 q - a scroll of magic mapping {unknown}
Potions
 d - a potion of resistance {unknown}
 h - 2 potions of flight {unknown}
 k - a potion of berserk rage {unknown}
 o - 5 potions of mutation {unknown}
 r - 2 potions of haste {unknown}
Comestibles
 f - 14 rations
 s - 8 chunks of flesh


   Skills:
 + Level 4.3 Fighting
 * Level 7.5 Axes
 + Level 4.3 Armour
 + Level 4.3 Shields


You had 7 spell levels left.
You didn't know any spells.

Dungeon Overview and Level Annotations

Branches:
Dungeon (5/15)
 Temple: D:4-7

Altars:
Ashenzari
Elyvilon
Gozag
Nemelex Xobeh
The Shining One


Innate Abilities, Weirdness & Mutations

You are resistant to torment.
Your stone body is resilient. (AC +5)
You are immune to poison.
You resist negative energy. (rN+)
You are resistant to electric shocks. (rElec)
You can survive without breathing.
You are immune to petrification.
You are immune to rotting.


Message History

The ogre is moderately wounded.
You block the ogre's attack.
You hit the ogre but do no damage.
The ogre is moderately wounded.
The ogre hits you with a giant club!
You slash the ogre!
The ogre is severely wounded.
The ogre hits you with a giant club!
* * * LOW HITPOINT WARNING * * *
Your shield prevents you from hitting the ogre.
The ogre is severely wounded.
The ogre barely misses you.
Your shield and scale mail prevent you from hitting the ogre.
The ogre is heavily wounded.
The ogre hits you with a giant club!
* * * LOW HITPOINT WARNING * * *
You hit the ogre.
The ogre is severely wounded.
The ogre hits you with a giant club!
You die...

#..<.)).......
#...).........
#.............
#.............
#.............
###'##........
#.#########+
#.#########.#
#.#..@O.....#
###.#.#########
#............
#.#.#.#######
#.#....#########
#.###...........
#.####.#########
#......#
########


You could see an ogre.

Vanquished Creatures
  The ghost of Banto the Chiller, an amateur OpIE (D:3)
  A phantom (D:5)
  An ogre (D:5)
  4 wights (D:5)
  2 hounds
  A quasit (D:5)
  2 orc priests
  A bullfrog skeleton (D:5)
  An iguana (D:4)
  3 orc wizards
  A hound zombie (D:5)
  3 gnolls (D:3)
  7 adders
  A shadow imp (D:5)
  2 oozes
  An adder skeleton (D:4)
  2 worms
  2 dart slugs
  3 leopard geckos
  16 orcs
  5 giant cockroaches
  6 goblins
  12 hobgoblins
  7 jackals
  2 quokkas
  9 bats
  6 frilled lizards
  9 kobolds
  A leopard gecko skeleton (D:4)
  2 quokka skeletons (D:5)
  9 rats
123 creatures vanquished.

Notes
Turn   | Place    | Note
-------+----------+-------------------------------------------
     0 | D:1      | Laan the Gargoyle Fighter began the quest for the Orb.
     0 | D:1      | Reached XP level 1. HP: 14/14 MP: 1/1
    10 | D:1      | Reached skill level 2 in Axes
   129 | D:1      | Reached XP level 2. HP: 19/19 MP: 2/2
   364 | D:1      | Found a glowing golden altar of the Shining One.
   371 | D:1      | Became a worshipper of the Shining One
   562 | D:1      | Reached skill level 3 in Axes
   931 | D:2      | Reached XP level 3. HP: 23/23 MP: 3/3
  1116 | D:2      | Reached XP level 4. HP: 28/28 MP: 4/4
  1124 | D:2      | Reached skill level 4 in Axes
  1530 | D:3      | Reached * piety under the Shining One
  1628 | D:3      | Reached XP level 5. HP: 32/32 MP: 5/5
  1635 | D:3      | Noticed Banto's ghost (amateur OpIE)
  1643 | D:3      | Killed Banto's ghost
  1643 | D:3      | Reached skill level 5 in Axes
  1643 | D:3      | Reached XP level 6. HP: 37/37 MP: 6/6
  1684 | D:3      | Found a sparkling altar of Nemelex Xobeh.
  2133 | D:3      | Reached skill level 6 in Axes
  2762 | D:4      | Reached XP level 7. HP: 40/41 MP: 7/7
  2897 | D:4      | Found a white marble altar of Elyvilon.
  2897 | D:4      | Found a shattered altar of Ashenzari.
  2949 | D:5      | Entered Level 5 of the Dungeon
  2977 | D:5      | Reached ** piety under the Shining One
  3047 | D:5      | Found an opulent altar of Gozag.
  3152 | D:5      | Reached skill level 7 in Axes
  3314 | D:5      | Reached XP level 8. HP: 45/48 MP: 8/8
  3372 | D:5      | Mangled by an ogre

Vault maps used:
D:1:      dpeg_arrival_tiny_h, minmay_misc_feat_five, tso_altar
D:3:      nemelex_diamond_rough_becter
D:4:      gammafunk_temple_overflow_wave, first_ration,
          hangedman_abyss_or_decor_stabs, minmay_misc_feat_nine_boxes
D:5:      marbit_many_paths, enter_ossuary_5, basic_altar

Skill      XL: |  1  2  3  4  5  6  7 |
---------------+----------------------+-----
Axes           | 2 3 4 5 6 7 |  7.5
Fighting       | 4 |  4.3
Armour         | 4 |  4.3
Shields        | 4 |  4.3

Action                   |  1- 3 |  4- 6 |  7- 9 || total
-------------------------+-------+-------+-------++-------
Melee: War axe           |    70 |   134 |    85 ||   289
Throw: Javelin           |       |     3 |       ||     3
  Use: Potion            |       |     1 |       ||     1
  Eat: Chunk             |     1 |     5 |     2 ||     8
Armor: Scale mail        |    34 |    83 |    40 ||   157
Dodge: Dodged            |    24 |    45 |    17 ||    86
Block: Shield            |    41 |    77 |    36 ||   154

Table legend:
 A = Spawn XP
 B = Non-spawn XP
 C = Spawn XP percentage of total XP
 D = Spawn monster count
 E = Non-spawn monster count
 F = Spawn count percentage of total count
 G = Total turns spent on level
                    A         B        C        D         E        F      G
               +---------+---------+-------+---------+---------+-------+---------
         Total |       0 |    1416 |   0.0 |       0 |     123 |   0.0 |  3372
               +---------+---------+-------+---------+---------+-------+---------
           D:1 |       0 |      31 |   0.0 |       0 |      15 |   0.0 |   928
           D:2 |       0 |      80 |   0.0 |       0 |      28 |   0.0 |   602
           D:3 |       0 |     325 |   0.0 |       0 |      39 |   0.0 |   701
           D:4 |       0 |     213 |   0.0 |       0 |      19 |   0.0 |   731
           D:5 |       0 |     767 |   0.0 |       0 |      22 |   0.0 |   410
               +---------+---------+-------+---------+---------+-------+---------
